 Dungeon Crawl Stone Soup version 0.27.1-33-g824d729ab1 (webtiles) character file.

Game seed: 5230545747307243977

278 Gabide the Poker (level 6, 0/72 HPs)
             Began as a Human Monk on Dec 7, 2021.
             Was a Believer of Fedhas.
             Slain by a killer bee (1 damage)
             ... on level 4 of the Dungeon.
             The game lasted 00:10:26 (3620 turns).

Gabide the Poker (Human Monk)                       Turns: 3620, Time: 00:10:27

Health: 0/72       AC: 23    Str: 19    XL:     6   Next: 51%
Magic:  6/6        EV:  2    Int: 10    God:    Fedhas [**....]
Gold:   102        SH:  0    Dex: 22    Spells: 5/5 levels left

rFire    + . .     SeeInvis .   e - +0 trident
rCold    + . .     Faith    .   (no shield)
rNeg     + + +     Spirit   .   (armour currently unavailable)
rPois    +         Reflect  .   (helmet currently unavailable)
rElec    +         Harm     .   (cloak currently unavailable)
rCorr    +         Rampage  .   (gloves currently unavailable)
Will     .....     NoTele   +   (boots currently unavailable)
Stlth    +++.......             (no amulet)
HPRegen  0.22/turn              f - +6 ring of strength
MPRegen  0.10/turn              i - +6 ring of dexterity

@: lethally poisoned (0 -> -1), tree-form, resistant, attractive
A: stationary, stasis, torment immunity, boosted hp
a: Renounce Religion, Wall of Briars


You were on level 4 of the Dungeon.
You worshipped Fedhas.
Fedhas was pleased with you.
You were a tree.
You visited 1 branch of the dungeon, and saw 4 of its levels.

You collected 102 gold pieces.

Inventory:

Hand Weapons
 e - a +0 trident (weapon)
Missiles
 j - 3 javelins (quivered)
Armour
 h - a +1 ring mail of positive energy (melded)
Jewellery
 f - a +6 ring of strength (left branch)
 i - a +6 ring of dexterity (right branch)
Scrolls
 k - 2 scrolls of fog
 l - a scroll of fear
Potions
 a - a potion of lignification


   Skills:
 + Level 3.7 Fighting
 + Level 4.7 Polearms
 + Level 1.1 Throwing
 + Level 2.1 Armour
 + Level 3.5 Dodging
 + Level 3.0 Stealth
 * Level 0.4 Invocations


You had 5 spell levels left.
You didn't know any spells.
Your spell library was empty.

Dungeon Overview and Level Annotations

Branches:
Dungeon (4/15)
 Temple: D:4-7

Altars:
Fedhas
Makhleb
Ru

Shops:
D:1 =!=


Message History

The killer bee completely misses you.
You hit the killer bee.
The killer bee is almost dead.
You feel sick. The killer bee stings you.
* * * LOW HITPOINT WARNING * * *
You are more poisoned.
The killer bee poisons you! The killer bee closely misses you.
You barely miss the killer bee.
The killer bee is almost dead.
You feel sick. The killer bee stings you.
* * * LOW HITPOINT WARNING * * *
The killer bee stings you.
* * * LOW HITPOINT WARNING * * *
It was a potion of lignification.
You turn into a tree.
Your +1 ring mail of positive energy melds into your body.
You feel less protected from negative energy.
Your roots penetrate the ground.
* * * LOW HITPOINT WARNING * * *
You feel sick.
The killer bee stings you but does no damage.
The killer bee stings you.
* * * LOW HITPOINT WARNING * * *
It was a potion of attraction.
You feel attractive to monsters.
* * * LOW HITPOINT WARNING * * *
You feel sick.
The killer bee stings you but does no damage.
The killer bee completely misses you.
It was a potion of resistance.
You feel protected.
* * * LOW HITPOINT WARNING * * *
You feel sick.
The killer bee stings you but does no damage. x4
You fail to use your ability.
* * * LOW HITPOINT WARNING * * *
You feel sick.
The killer bee stings you but does no damage. x2
The killer bee stings you.
You die...
Fedhas appreciates your contribution to the ecosystem.

########
#......#.# ..
#.####.#.# #.#
#.#..#.#.#....
#......#.#.#..
#.............
+..........#.#
#.......####
#.#♣y......#
####
###y######.#
#⌠⌠# #†# #.#
##__# #.# #.#
#P..# #.# #)#
##''# #.# #.#
##..# #.#
###'#####....
#(#
#...)..'.....
#.....##.....


You could see 2 killer bees.

Vanquished Creatures
  A necrophage (D:4)
  A killer bee (D:4)
  A hound skeleton (D:4)
  Robin (D:2)
  3 adders
  An adder skeleton (D:4)
  4 worms
  5 dart slugs
  2 orcs (D:3)
  4 bats
  6 endoplasms
  3 giant cockroaches
  7 hobgoblins
  A quokka (D:1)
  7 ball pythons
  4 frilled lizards
  14 goblins
  6 kobolds
  7 rats
78 creatures vanquished.

Vanquished Creatures (others)
  A plant (D:2)
1 creature vanquished.

Grand Total: 79 creatures vanquished

Notes
Turn   | Place    | Note
-------+----------+-------------------------------------------
     0 | D:1      | Gabide the Human Monk began the quest for the Orb.
     0 | D:1      | Reached XP level 1. HP: 18/18 MP: 1/1
     3 | D:1      | Noticed an electric eel
     4 | D:1      | Noticed an electric eel
   229 | D:1      | Reached XP level 2. HP: 23/24 MP: 2/2
   238 | D:1      | Found Onegamug's Distillery.
   420 | D:1      | Found Vimiamn's Jewellery Emporium.
   472 | D:1      | Found Ucoeng's Jewellery Shoppe.
   542 | D:1      | Reached XP level 3. HP: 22/29 MP: 3/3
   665 | D:1      | Found a faded altar of an unknown god.
  1351 | D:2      | Reached XP level 4. HP: 34/35 MP: 4/4
  1519 | D:2      | Reached skill level 1 in Armour
  1529 | D:2      | Noticed Robin
  1536 | D:2      | Killed Robin
  1537 | D:2      | Reached skill level 4 in Polearms
  2353 | D:3      | Reached XP level 5. HP: 41/41 MP: 5/5
  3383 | D:4      | Found a burning altar of Makhleb.
  3384 | D:4      | Noticed a necrophage
  3397 | D:4      | Killed a necrophage
  3398 | D:4      | Reached skill level 1 in Throwing
  3398 | D:4      | Reached XP level 6. HP: 29/48 MP: 6/6
  3543 | D:4      | Found a sacrificial altar of Ru.
  3543 | D:4      | Found a blossoming altar of Fedhas.
  3561 | D:4      | Became a worshipper of Fedhas Madash
  3561 | D:4      | Reached * piety under Fedhas
  3561 | D:4      | Reached ** piety under Fedhas
  3575 | D:4      | Identified the +8 war axe of Immorality {venom, Stlth+}
  3618 | D:4      | HP: 3/72 [poisoned by a killer bee]
  3620 | D:4      | HP: 1/72 [poisoned by a killer bee]
  3620 | D:4      | Slain by a killer bee

Illustrated notes

Levels and vault maps discovered:
D:1:      arrival_aquarium_b, layout_basic, serial_shops, shop_fountains,
          nicolae_lakefront_shop, shop, hellmonk_ecumenical_altar_inner_sanctum
D:2:      minmay_wonky_spiral, layout_loops_ring, serial_co_window_serial,
          co_window_of_opportunity_a, co_window_corner_a, co_window_corner_a,
          co_window_paths_b, co_window_of_opportunity_a, co_window_paths_a,
          co_window_paths_b, co_window_unsneaky_path_c,
          co_window_of_opportunity_b, co_window_corner_b, co_window_corner_b,
          co_window_cross_2, co_window_corner_b, glass_columns_a,
          glass_columns_b, glass_columns_a, glass_columns_b, glass_columns_a,
          serial_bayou_pond_e, grunt_ministairs_4, uniq_robin
D:3:      layout_basic, serial_forest, infiniplex_forest_split,
          infiniplex_forest_clump_medium, infiniplex_forest_clump_medium,
          infiniplex_forest_lined_room_3, infiniplex_forest_clump_medium,
          corexii_leaking_fountain
D:4:      layout_basic, kennysheep_slug_shrine, makhleb_blood_cavern_becter,
          gammafunk_temple_overflow_wave, serial_shops, nicolae_shop_trees

Skill      XL: |  1  2  3  4  5 |
---------------+----------------+-----
Armour         | 1 2 |  2.1
Polearms       | 4 |  4.7
Throwing       | 1 |  1.1
Stealth        | 3 |  3.0
Fighting       | |  3.7
Dodging        | |  3.5
Invocations    | |  0.4

Action                   |  1- 3 |  4- 6 || total
-------------------------+-------+-------++-------
Melee: Spear             |    37 |       ||    37
       Trident           |    79 |   127 ||   206
Throw: Javelin           |     2 |    19 ||    21
  Use: Scroll            |     2 |     4 ||     6
       Potion            |       |     3 ||     3
 Stab: Sleeping          |     4 |     9 ||    13
Armor: Ring mail         |    30 |    30 ||    60
       Skin              |       |     8 ||     8
Dodge: Dodged            |    54 |    71 ||   125
